 Dungeon Crawl Stone Soup version 0.29-a0-321-gf1c400731a (webtiles) character file.

Game seed: 166642575184684161

6 Ijustatesigmund the Firebug (level 1, 0/10 HPs)
             Began as a Deep Elf Fire Elementalist on Apr 4, 2022.
             Slain by a ball python (2 damage)
             ... on level 1 of the Dungeon.
             The game lasted 00:00:46 (278 turns).

Ijustatesigmund the Firebug (DEFE)                   Turns: 278, Time: 00:00:46

Health: 0/10       AC:  2    Str:  5    XL:     1   Next: 75%
Magic:  0/6        EV:  9    Int: 19    God:
Gold:   49         SH:  0    Dex: 15    Spells: 5/6 levels left

rFire   . . .      SeeInvis .   d - +0 dagger
rCold   . . .      Faith    .   (no shield)
rNeg    . . .      Spirit   .   a - +0 robe
rPois   .          Reflect  .   (no helmet)
rElec   .          Harm     .   (no cloak)
rCorr   .          Rampage  .   (no gloves)
Will    .....                   (no boots)
Stlth   ++........              (no amulet)
HPRegen 0.03/turn               (no ring)
MPRegen 0.10/turn               (no ring)

@: very slightly contaminated, constricted
A: no striking features
a: no special abilities


You were on level 1 of the Dungeon.
You visited 1 branch of the dungeon, and saw 1 of its levels.

You collected 49 gold pieces.

Inventory:

Hand Weapons
 d - a +0 dagger (weapon)
Armour
 a - a +0 robe (worn)
Scrolls
 e - a scroll of teleportation {unknown}
 f - a scroll of fog {unknown}
Potions
 b - a potion of magic
 c - a potion of might {unknown}


   Skills:
 - Level 2.4 Dodging
 - Level 2.4 Stealth
 + Level 3.2 Spellcasting
 + Level 1.4 Conjurations
 + Level 3.4 Fire Magic


You had 5 spell levels left.
You knew the following spells:

 Your Spells              Type           Power      Damage    Failure   Level
a - Foxfire               Conj/Fire      48%        2x1d6     5%          1

Your spell library contained the following spells:

 Spells                   Type           Power      Damage    Failure   Level
 Scorch                   Fire           32%        2d6       5%          2
 Sting                    Tmut/Pois      12%        1d3       16%         1
 Conjure Flame            Conj/Fire      12%        6-21      16%         3
 Poisonous Vapours        Pois/Air       6%         N/A       22%         2
 Inner Flame              Hex/Fire       9%         N/A       22%         3
 Flame Wave               Conj/Fire      12%        2d6       47%         4
 Olgreb's Toxic Radiance  Pois           3%         N/A       83%         4


Dungeon Overview and Level Annotations

Branches:
Dungeon (1/15)

Altars:


Message History

The jackal is heavily wounded.
The foxfire hits the jackal.
The jackal is almost dead.
The jackal closely misses you.
Casting: Foxfire (safe; 6% risk of failure)
Confirm with . or Enter, or press ? or * to list all spells.
You conjure some foxfire!
The jackal bites you but does no damage.
The foxfire hits the endoplasm.
The endoplasm is almost dead.
The jackal barely misses you. The jackal bites you.
The foxfire hits the endoplasm.
You kill the endoplasm!
The jackal barely misses you. The jackal bites you.
Your magical contamination has completely faded away.
The jackal attacks as you move away! The jackal closely misses you.
Casting: Foxfire (safe; 5% risk of failure)
Confirm with . or Enter, or press ? or * to list all spells.
You miscast Foxfire.
You are very lightly contaminated with residual magic.
Nothing appears to happen.
The jackal misses you.
The jackal bites you but does no damage.
Casting: Foxfire (safe; 5% risk of failure)
Confirm with . or Enter, or press ? or * to list all spells.
You conjure some foxfire!
The jackal misses you. The jackal bites you.
* * * LOW HITPOINT WARNING * * *
The foxfire hits the jackal.
You kill the jackal!
The foxfire hits the jackal but does no damage.
The jackal bites you but does no damage.
The jackal barely misses you.
The ball python bites you but does no damage.
The ball python grabs you. The ball python constricts you.
The jackal bites you.
* * * LOW HITPOINT WARNING * * *
The jackal misses you.
Casting: Foxfire (safe; 5% risk of failure)
Confirm with . or Enter, or press ? or * to list all spells.
You conjure some foxfire!
The ball python bites you.
You die...

.................###.#
.................# #.#
######'########..# #.#
##.........####.†# #.#
...8.....(...##..# #.#
.8...#+#...(..#..# #.#
....##>##.....+..# #.#
....##<##.....+vv# #.#
.....#'#...8..#h@# #.#
.........8...##Sh#
##.........####.........
######'###### #.......##
..........^......##.#.#
.................# .# #
###########...##.# # #.#
#.# .. ...


You could see 2 jackals and a ball python.

Vanquished Creatures
  An endoplasm (D:1)
  A goblin (D:1)
  A jackal (D:1)
  A bat (D:1)
  A kobold (D:1)
  A rat (D:1)
6 creatures vanquished.

Vanquished Creatures (others)
  15 foxfires (D:1)
15 creatures vanquished.

Grand Total: 21 creatures vanquished

Notes
Turn   | Place    | Note
-------+----------+-------------------------------------------
     0 | D:1      | Ijustatesigmund the Deep Elf Fire Elementalist began the
                  | quest for the Orb.
     0 | D:1      | Reached XP level 1. HP: 10/10 MP: 6/6
   278 | D:1      | Slain by a ball python

Illustrated notes

Levels and vault maps discovered:
D:1:      dpeg_arrival_refuge, layout_loops_ring, hangedman_feature_mirror

Action                   || total
-------------------------++-------
 Cast: Foxfire           ||    11
Armor: Robe              ||     4
Dodge: Dodged            ||     9

Table legend: (Time is in decaauts)
 A = Elapsed time spent in this place.
 B = Non-inter-level travel time spent in this place.
 C = Inter-level travel time spent in this place.
 D = Time resting spent in this place.
 E = Time spent auto-exploring this place.
 F = Levels seen in this place.
 G = Mean time per level.
                   A        B        C        D        E       F      G
               +--------+--------+--------+--------+--------+-----+--------+
         Total |    277 |    277 |      0 |    121 |    115 |   1 |  277.0 |
       Dungeon |    277 |    277 |      0 |    121 |    115 |   1 |  277.0 |
               +--------+--------+--------+--------+--------+-----+--------+

Top non-repeatable levels by time:
     D:1: 277 daAuts
